 Dungeon Crawl Stone Soup version 0.23.0-42-geed6394480 (webtiles) character file.

Game seed: 0

41463 MisterOstroum the Warrior (level 14, -3/100 HPs)
             Began as a Gargoyle Fighter on Mar 1, 2019.
             Was an Elder of the Shining One.
             Splashed by an acid blob's acid (7 damage)
             ... on level 6 of the Lair of Beasts.
             The game lasted 02:06:16 (16711 turns).

MisterOstroum the Warrior (Gargoyle Fighter)       Turns: 16711, Time: 02:06:19

Health: -3/100     AC: 36    Str: 25 (27) XL:     14   Next: 15%
Magic:  14/14      EV:  6    Int:  9      God:    the Shining One [****..]
Gold:   753        SH: 13    Dex:  9      Spells: 10/13 levels left

rFire    . . .     SeeInvis .   j - +1 flail (protect)
rCold    + . .     Gourm    .   I - +1 shield
rNeg     + + +     Faith    .   y - +1 plate armour
rPois    ∞         Spirit   .   D - +1 helmet
rElec    +         Reflect  .   G - +2 cloak {rPois}
rCorr    .         Harm     .   w - +1 pair of gloves
MR       +....                  T - +2 pair of boots {Stlth+}
Stlth    ..........             E - amulet of magic regeneration
HPRegen  0.26/turn              g - +2 ring of strength
MPRegen  0.39/turn              H - +5 ring of slaying

@: corroded, protection aura, flying, glowing
A: big wings, cold resistance 1, deterioration 1, negative energy resistance 1,
electricity resistance, unbreathing, petrification resistance, rot immunity, AC
+10
a: Stop Flying, Divine Shield, Cleansing Flame, Renounce Religion


You were on level 6 of the Lair of Beasts.
You worshipped the Shining One.
The Shining One was greatly pleased with you.
You were not hungry.

You visited 5 branches of the dungeon, and saw 19 of its levels.

You collected 1281 gold pieces.
You spent 528 gold pieces at shops.

Inventory:

Hand Weapons
 c - a +0 hunting sling of flaming
 j - a +1 flail of protection (weapon)
 O - a +0 blowgun
 S - a +1 scimitar of flaming
 U - a +0 war axe of chopping
Missiles
 b - 7 javelins (quivered)
 e - 39 poisoned needles
 l - 645 stones
 x - 13 tomahawks
Armour
 w - a +1 pair of gloves (worn)
 y - a +1 plate armour (worn)
 D - a +1 helmet (worn)
 G - a +2 cloak of poison resistance (worn)
 I - a +1 shield (worn)
 T - a +2 pair of boots of stealth (worn)
Jewellery
 a - an uncursed ring of resist corrosion
 g - a +2 ring of strength (left hand)
 A - a +3 ring of protection
 E - an amulet of magic regeneration (around neck)
 H - a +5 ring of slaying (right hand)
Wands
 C - a wand of acid (26)
 K - a wand of flame (15)
 N - a wand of enslavement (7)
 W - a wand of iceblast (23)
 X - a wand of disintegration (14)
Scrolls
 k - 7 scrolls of remove curse
 n - 2 scrolls of fear
 p - a scroll of silence
 s - a scroll of fog
 t - 2 scrolls of teleportation
 u - a scroll of vulnerability {unknown}
 B - 4 scrolls of magic mapping
 F - 3 scrolls of immolation
 J - 5 scrolls of identify
 Q - a scroll of blinking
Potions
 d - 3 potions of curing
 h - a potion of ambrosia
 m - 3 potions of flight
 o - a potion of might
 q - a potion of brilliance
 r - a potion of cancellation
 v - 2 potions of resistance
 z - 2 potions of lignification
 Y - 2 potions of agility
 Z - 2 potions of haste
Comestibles
 f - 25 rations


   Skills:
 * Level 16.0 Fighting
 * Level 14.3 Maces & Flails
 - Level 10.0 Armour
 - Level 0.1 Dodging
 - Level 10.0 Shields


You had 10 spell levels left.
You knew the following spells:

 Your Spells              Type           Power        Failure   Level  Hunger
a - Recall                Summ/Tloc      N/A          100%        3    ####...

Your spell library contained the following spells:

 Spells                   Type           Power        Failure   Level  Hunger
 Sandblast                Erth           #.....       100%        1    ##.....
 Summon Butterflies       Summ           #.......     100%        1    ##.....
 Passwall                 Tmut/Erth      #.......     100%        2    ###....
 Call Canine Familiar     Summ           #.......     100%        3    ####...
 Stone Arrow              Conj/Erth      #.....       100%        3    ####...
 Animate Dead             Necr           N/A          100%        4    #####..
 Petrify                  Tmut/Erth      #.......     100%        4    #####..
 Summon Ice Beast         Ice/Summ       #.......     100%        4    #####..
 Borgnjor's Vile Clutch   Necr/Erth      #.........   100%        5    ######.
 Irradiate                Conj/Tmut      #.........   100%        5    ######.
 Lee's Rapid Deconstruct  Erth           #.........   100%        5    ######.
 Summon Mana Viper        Hex/Summ       #.......     100%        5    ######.
 Death Channel            Necr           #.........   100%        6    #######
 Hydra Form               Tmut           #.........   100%        6    #######
 Simulacrum               Ice/Necr       #.........   100%        6    #######
 Dragon Form              Tmut           #.........   100%        7    #######
 Summon Hydra             Summ           #.........   100%        7    #######
 Statue Form              Tmut/Erth      Unusable     N/A         6    N/A

Dungeon Overview and Level Annotations

Branches:
Dungeon (10/15)              Lair (6/6) D:10         Shoals (1/4) Lair:2
 Spider (1/4) Lair:3        Slime (1/5) Lair:6
 Temple: D:4-7          Orc: D:9-12

Altars:
Fedhas
Hepliaklqana
Kikubaaqudgha
Qazlal
Ru
Uskayaw
Vehumet
Wu Jian
Xom
Yredelemnul
The Shining One

Shops:
D:10 [!

Annotations:
D:8 exclusion: statue
D:9 Prince Ribbit
Spider:1 Jorgrun


Innate Abilities, Weirdness & Mutations

You are resistant to torment.
Your stone body is resilient. (AC +10)
You are immune to poison.
Your large and strong wings let you fly indefinitely.
You resist negative energy. (rN+)
You are resistant to electric shocks. (rElec)
You can survive without breathing.
You are immune to petrification.
You are immune to rotting.
Your flesh is cold resistant. (rC+)
Your body sometimes deteriorates upon taking damage.


Message History

A large slime creature splits.
Two slime creatures merge to form a large slime creature.
Two slime creatures merge to form a very large slime creature.
Two slime creatures merge to form an enormous slime creature.
You hit the acid blob.
Your weapon exudes an aura of protection.
The acid corrodes you!
Your hands burn!
The acid blob is lightly wounded.
The acid blob hits you!!
Your body deteriorates!
You feel weakened.
You are splashed with acid!
* * * LOW HITPOINT WARNING * * *
You feel better. The acid blob hits you!
* * * LOW HITPOINT WARNING * * *
You are splashed with acid!
* * * LOW HITPOINT WARNING * * *
The acid blob hits you!
* * * LOW HITPOINT WARNING * * *
You are splashed with acid!
You die...

###..### ##§§≈§...
#...## ####..§§....
#....###...........
#...#.............§
#..#.#.........#§≈§
##.#####......#≈≈§#
#...# ##.....#§§##
##.## #......≈.#.
#.@P# ###.......§#.
#PJ.# #8#......#§#.
###..##
#......#§≈#. #P...#
#8#8##.##≈≈##
##...#
########§≈≈≈# ##PJ#
#≈§##≈§##§≈#§ ##.##
#≈§##§≈##≈##≈ ####
##..####≈≈§§≈≈###..
## #..#######P...#
#§≈§§≈##...§


You could see an acid blob and an enormous slime creature.

Vanquished Creatures
  A fire dragon (Lair:6)
  Erica (D:9)
  2 two-headed ogres
  A dancing weapon (Lair:2)
  6 death yaks
  7 hydras
  The ghost of Acheron the Spear-Bearer, a novice MfGl of Okawaru (Lair:2)
  An unseen horror (D:10)
  A lindwurm (Lair:6)
  A deep elf mage (D:9)
  An oklob plant (Lair:2)
  A wolf spider (Lair:3)
  A cyclops (D:9)
  4 elephants (Lair:6)
  8 black mambas (Lair:6)
  6 spiny frogs
  2 molten gargoyles (Lair:6)
  An efreet (D:9)
  2 rime drakes (Lair:6)
  3 komodo dragons
  5 trolls
  A hornet (D:9)
  3 merfolk
  A queen bee (D:10)
  3 jumping spiders (Lair:3)
  2 slime creatures (Lair:6)
  A snapping turtle (Shoals:1)
  2 dream sheep (D:8)
  8 blink frogs (Lair:6)
  2 hippogriffs
  A water elemental (Shoals:1)
  20 yaks
  A redback (Lair:3)
  5 wyverns
  5 basilisks
  2 hungry ghosts
  3 steam dragons
  Menkaure (D:5)
  A soldier ant (D:9)
  An acid dragon (D:9)
  3 hell hounds (Lair:6)
  A porcupine (Lair:5)
  6 orc warriors
  5 water moccasins
  2 sky beasts
  A phantom (D:9)
  2 black bears
  An ice beast (D:9)
  4 ogres
  3 necrophages
  4 centaurs
  6 crocodiles
  5 big kobolds
  Blork the orc (D:6)
  7 bullfrogs
  A wyvern zombie (D:6)
  A scorpion (D:9)
  17 killer bees (D:10)
  4 wights (D:9)
  An electric eel (Lair:4)
  4 howler monkeys
  5 crimson imps
  5 lava snakes (Lair:6)
  A quasit (D:5)
  2 centaur zombies
  8 orc priests
  4 hounds
  6 jellies
  Crazy Yiuf (D:6)
  2 bullfrog skeletons
  A gnoll shaman (D:7)
  13 orc wizards
  3 centaur skeletons
  3 iguanas
  3 worker ants
  2 killer bee zombies (D:8)
  A hound zombie (D:9)
  A hound skeleton (D:7)
  A worker ant zombie (D:9)
  6 gnolls
  8 adders
  A shadow imp (D:10)
  An adder skeleton (D:5)
  A worm (D:2)
  3 dart slugs
  8 leopard geckos
  31 orcs
  4 giant cockroaches
  3 hobgoblins
  9 jackals
  5 quokkas
  4 ball pythons
  3 bats
  A frilled lizard (D:1)
  8 goblins
  A jackal skeleton (D:5)
  14 kobolds
  A leopard gecko skeleton (D:8)
  A quokka skeleton (D:5)
  A quokka zombie (D:6)
  4 rats
  A fungus (Lair:1)
  5 plants
384 creatures vanquished.

Vanquished Creatures (others)
  A manticore (D:9)
  A hell hound (Lair:6)
  A worker ant zombie (D:6)
  A bush (Lair:6)
  A fungus (Lair:6)
  2 plants (Lair:6)
7 creatures vanquished.

Grand Total: 391 creatures vanquished

Notes
Turn   | Place    | Note
-------+----------+-------------------------------------------
     0 | D:1      | MisterOstroum the Gargoyle Fighter began the quest for the
                  | Orb.
     0 | D:1      | Reached XP level 1. HP: 14/14 MP: 1/1
     1 | D:1      | Noticed an electric eel
   266 | D:1      | Reached XP level 2. HP: 19/19 MP: 2/2
   736 | D:2      | Reached XP level 3. HP: 24/24 MP: 3/3
   876 | D:2      | Found an ornate altar of the Wu Jian Council.
   876 | D:2      | Found a hazy altar of Hepliaklqana.
   883 | D:2      | Found a sacrificial altar of Ru.
   885 | D:2      | Found a faded altar of an unknown god.
   886 | D:2      | Found a faded altar of an unknown god.
   969 | D:2      | Reached skill level 4 in Fighting
  1149 | D:2      | Reached XP level 4. HP: 26/29 MP: 4/4
  2355 | D:4      | Reached XP level 5. HP: 26/34 MP: 5/5
  2359 | D:4      | Noticed a phantom
  2370 | D:5      | Entered Level 5 of the Dungeon
  2424 | D:5      | Noticed Menkaure
  2434 | D:5      | Killed Menkaure
  2434 | D:5      | Reached skill level 5 in Maces & Flails
  2434 | D:5      | Reached XP level 6. HP: 33/40 MP: 6/6
  2515 | D:5      | Reached skill level 5 in Fighting
  2611 | D:5      | Reached XP level 7. HP: 44/44 MP: 7/7
  2743 | D:5      | You fall through a shaft!
  2746 | D:6      | Found a runed translucent door.
  2747 | D:6      | Noticed Crazy Yiuf
  2756 | D:6      | Paralysed by Crazy Yiuf for 6 turns
  2780 | D:5      | Noticed a troll
  3024 | D:6      | Killed Crazy Yiuf
  3176 | D:6      | Found a basalt altar of Yredelemnul.
  3178 | D:6      | Noticed a profane servitor
  3184 | D:6      | Reached skill level 6 in Fighting
  3271 | D:6      | Found a glowing golden altar of the Shining One.
  3273 | D:6      | Noticed an angel
  3315 | D:6      | Became a worshipper of the Shining One
  3464 | D:6      | Noticed Blork the orc
  3474 | D:6      | Killed Blork the orc
  3534 | D:6      | Reached XP level 8. HP: 48/52 MP: 8/8
  3570 | D:6      | Reached skill level 7 in Fighting
  3998 | D:6      | Reached skill level 8 in Fighting
  4361 | D:7      | Reached skill level 5 in Shields
  4364 | D:7      | Reached skill level 5 in Armour
  4444 | D:6      | Reached XP level 9. HP: 51/60 MP: 9/9
  4512 | D:7      | Reached * piety under the Shining One
  4971 | D:8      | Found a radiant altar of Vehumet.
  4990 | D:8      | Found a blossoming altar of Fedhas.
  4994 | D:8      | Found a stormy altar of Qazlal.
  5034 | D:8      | Reached skill level 9 in Fighting
  5675 | D:8      | Reached skill level 10 in Fighting
  5675 | D:8      | Reached XP level 10. HP: 46/68 MP: 10/10
  5707 | D:8      | Noticed a two-headed hydra
  5727 | D:8      | Killed a two-headed hydra
  5950 | D:8      | Found an ancient bone altar of Kikubaaqudgha.
  6360 | D:9      | Noticed a two-headed ogre
  6494 | D:9      | Reached ** piety under the Shining One
  6494 | D:9      | Noticed a manticore
  6544 | D:9      | Reached skill level 11 in Fighting
  6556 | D:9      | Killed a manticore
  7130 | D:9      | Killed a two-headed ogre
  7130 | D:9      | Reached skill level 12 in Fighting
  7130 | D:9      | Reached skill level 10 in Maces & Flails
  7130 | D:9      | Reached XP level 11. HP: 61/76 MP: 11/11
  7183 | D:9      | Learned a level 3 spell: Recall
  7344 | D:9      | Noticed a cyclops
  7354 | D:9      | Killed a cyclops
  7487 | D:9      | Noticed a deep elf mage
  7555 | D:9      | Killed a deep elf mage
  7927 | D:9      | Noticed Erica
  7951 | D:9      | Killed Erica
  8102 | D:9      | Noticed Prince Ribbit
  8102 | D:9      | Reached *** piety under the Shining One
  8368 | D:9      | Noticed a +0 hand axe
  8368 | D:9      | Noticed a +0 dagger
  8400 | D:9      | Found a hide-covered altar of Uskayaw.
  8456 | D:10     | Entered Level 10 of the Dungeon
  8505 | D:10     | Noticed an unseen horror
  8520 | D:10     | Killed an unseen horror
  8676 | D:10     | Found Nibe's Distillery.
  8696 | D:10     | Bought a potion of heal wounds for 80 gold pieces
  8696 | D:10     | Bought a potion of curing for 48 gold pieces
  8696 | D:10     | Bought a potion of mutation for 128 gold pieces
  8696 | D:10     | Bought a potion of curing for 48 gold pieces
  8696 | D:10     | Bought a potion of curing for 48 gold pieces
  8696 | D:10     | Bought a potion of curing for 48 gold pieces
  8696 | D:10     | Gained mutation: Your magical capacity is low. (-10% MP)
                  | [potion of mutation]
  8696 | D:10     | Gained mutation: Scrolls take you a little longer to read.
                  | [potion of mutation]
  8696 | D:10     | Gained mutation: You are agile. (Dex +2) [potion of
                  | mutation]
  8697 | D:10     | Bought a potion of mutation for 128 gold pieces
  8697 | D:10     | Lost mutation: You are agile. (Dex +2) [potion of mutation]
  8697 | D:10     | Lost mutation: Scrolls take you a little longer to read.
                  | [potion of mutation]
  8697 | D:10     | Gained mutation: Potions are less effective at restoring
                  | your health. [potion of mutation]
  8697 | D:10     | Gained mutation: Your spells are a little harder to cast,
                  | but a little more powerful. [potion of mutation]
  8698 | D:10     | Lost mutation: Potions are less effective at restoring your
                  | health. [potion of mutation]
  8698 | D:10     | Lost mutation: Your spells are a little harder to cast, but
                  | a little more powerful. [potion of mutation]
  8698 | D:10     | Lost mutation: Your magical capacity is low. (-10% MP)
                  | [potion of mutation]
  8698 | D:10     | Gained mutation: Your body sometimes deteriorates upon
                  | taking damage. [potion of mutation]
  8698 | D:10     | Gained mutation: Your large and strong wings let you fly
                  | indefinitely. [potion of mutation]
  8698 | D:10     | Gained mutation: Your flesh is cold resistant. (rC+)
                  | [potion of mutation]
  8795 | D:10     | Found a staircase to the Lair.
  8796 | D:10     | Noticed a two-headed ogre
  8824 | D:10     | Killed a two-headed ogre
  8884 | D:10     | Reached XP level 12. HP: 79/82 MP: 12/12
  8890 | D:10     | Reached skill level 13 in Fighting
  8972 | D:10     | Found Vepumev's Antique Armour Shop.
  9334 | Lair:1   | Entered Level 1 of the Lair of Beasts
  9790 | Lair:1   | Noticed a four-headed hydra
  9790 | Lair:1   | Reached **** piety under the Shining One
  9801 | Lair:1   | Killed a four-headed hydra
 10309 | Lair:2   | Found a runed translucent door.
 10310 | Lair:2   | Found a shimmering altar of Xom.
 10310 | Lair:2   | Noticed Acheron's ghost (novice MfGl)
 10642 | Lair:2   | Noticed a four-headed hydra
 10653 | Lair:2   | Killed a four-headed hydra
 11131 | Lair:2   | Found a staircase to the Shoals.
 11350 | Shoals:1 | Entered Level 1 of the Shoals
 12061 | Lair:2   | Paralysed by a +2 flail of chaos for 7 turns
 12109 | Lair:2   | Killed Acheron's ghost
 12172 | Lair:3   | Reached skill level 14 in Fighting
 12305 | Lair:3   | Found a hole to the Spider Nest.
 12314 | Spider:1 | Entered Level 1 of the Spider Nest
 12314 | Spider:1 | Noticed Jorgrun
 12322 | Lair:3   | Reached XP level 13. HP: 85/90 MP: 13/13
 14363 | Lair:6   | Entered Level 6 of the Lair of Beasts
 14674 | Lair:6   | Reached skill level 10 in Shields
 14756 | Lair:6   | Reached skill level 10 in Armour
 14766 | Lair:6   | Reached skill level 15 in Fighting
 14868 | Lair:6   | Found a staircase to the Slime Pits.
 15386 | Lair:6   | Noticed a fire dragon
 15388 | Lair:6   | Found a large runed translucent door.
 15389 | Lair:6   | Found a large runed translucent door.
 15749 | Lair:6   | Mutation became permanent: Your large and strong wings let
                  | you fly indefinitely. [Gargoyle growth]
 15749 | Lair:6   | Gained mutation: Your large and strong wings let you fly
                  | indefinitely. [Gargoyle growth]
 15749 | Lair:6   | Reached XP level 14. HP: 94/98 MP: 14/14
 16673 | Slime:1  | Entered Level 1 of the Pits of Slime
 16673 | Slime:1  | Noticed an acid blob
 16673 | Slime:1  | Noticed an acid blob
 16691 | Lair:6   | Reached skill level 16 in Fighting
 16693 | Slime:1  | Noticed an azure jelly
 16711 | Lair:6   | HP: 4/100 [acid blob (12)]
 16711 | Lair:6   | Splashed by an acid blob's acid

Skill      XL: |  1  2  3  4  5  6  7  8  9 10 11 12 13 14 |
---------------+-------------------------------------------+-----
Maces & Flails | 3 4 5 6 7 10 11 12 14 | 14.3
Fighting       | 4 5 6 8 10 12 14 15 16 | 16.0
Armour         | 5 7 8 9 10 | 10.0
Shields        | 5 7 8 9 10 | 10.0
Dodging        | |  0.1

Action                   |  1- 3 |  4- 6 |  7- 9 | 10-12 | 13-15 || total
-------------------------+-------+-------+-------+-------+-------++-------
Melee: Flail             |   107 |   123 |   379 |  1041 |   486 ||  2136
 Fire: Blowgun           |       |       |       |     7 |       ||     7
       Hunting sling     |       |       |       |     2 |       ||     2
Throw: Stone             |    35 |    24 |    13 |    28 |     8 ||   108
       Javelin           |       |       |       |    28 |    23 ||    51
Invok: Divine Shield     |       |       |       |     1 |     1 ||     2
 Abil: Fly               |       |       |       |       |     1 ||     1
Evoke: Wand              |       |       |       |     5 |       ||     5
  Use: Scroll            |     1 |     2 |     4 |     8 |    22 ||    37
       Potion            |       |     1 |       |     8 |    10 ||    19
  Eat: Chunk             |     1 |     3 |     7 |     5 |     8 ||    24
       Ration            |       |     1 |     1 |     6 |     2 ||    10
Armor: Scale mail        |    82 |    70 |   127 |       |       ||   279
       Plate armour      |       |       |    70 |   588 |   336 ||   994
Dodge: Dodged            |    42 |    45 |    95 |   180 |    91 ||   453
Block: Shield            |    92 |    62 |   164 |   528 |   300 ||  1146
